AoeStats
← Atmaca3307

Golden Pit

509720686Analyzed
1v1 RM · 4d ago on Sep 27, 2026· 37m 34s· 2 players
Game mode
Random Map
Map size
Tiny (2 player)
Population
200
Speed
Normal
Resources
Standard
Victory
Conquest
Starting age
Dark Age
Ending age
Imperial Age
RankedLock teamsTeams togetherTeam positionsShared explorationLock speedFull tech treeHidden civsTurbo modeCheats
Victory
Defeat
🇹🇷 Turks · Türkiye
265
+18
🇺🇸 Varangians · United States
306
-18
Atmaca3307
12:12 Feudal Age
13:49 Wheelbarrow
13:03 Double-Bit Axe
13:02 Horse Collar
17:30 Bloodlines
18:07 Gold Mining
20:24 Scale Barding Armor
20:19 Scale Mail Armor
21:39 Forging
21:20 Fletching
26:01 Castle Age
24:54 Padded Archer Armor
24:50 Stone Mining
27:02 Hand Cart
27:13 Husbandry
27:30 Bow Saw
29:04 Chain Mail Armor
30:35 Gold Shaft Mining
30:45 Chain Barding Armor
30:51 Heavy Plow
31:46 Iron Casting
32:43 Leather Archer Armor
35:44 Bodkin Arrow
39:46 Imperial Age
Fieldmarshal89
11:39 Feudal Age
20:39 Castle Age
26:43 Loom
39:51 Imperial Age
Connection lost

Rejoining the realm…

Still unreachable

The connection could not be restored.

Session expired

The server has moved on; the page needs a fresh start.